 Dungeon Crawl Stone Soup version 0.27-a0-1202-ge72e49191c (webtiles) character file.

Game seed: 7806363891211196238

8358 reriks the Blocker (level 11, 0/88 (93) HPs)
             Began as a Formicid Fighter on June 2, 2021.
             Was a Priest of Ashenzari.
             Slain by a spectral orc knight
             ... wielding a +3 battleaxe of flaming
             ... summoned by Nergalle
              (4 damage)
             ... on level 10 of the Dungeon.
             The game lasted 00:17:47 (11128 turns).

reriks the Blocker (Formicid Fighter)              Turns: 11128, Time: 00:17:48

HP:   0/88 (93)     AC: 18    Str: 25    XL:     11   Next: 54%
MP:   0/11          EV: 10    Int:  7    God:    Ashenzari [***...]
Gold: 322           SH: 15    Dex: 16    Spells: 10/10 levels left

rFire    . . .     SeeInvis +   a - +0 quarterstaff
rCold    . . .     Faith    .   c - +1 kite shield
rNeg     . . .     Spirit   +   I - +0 plate armour of Ashenzari's Seer {Melee, Self} (curse)
rPois    .         Reflect  .   (helmet unavailable)
rElec    .         Harm     .   o - +2 cloak "Astrological Chagrin" {Bglg, Melee} (curse)
rCorr    .         Rampage  .   (no gloves)
Will     ++...     Clarity  +   (no boots)
Stlth    ..........             t - amulet "Share My Doubts" {Spirit, Range, Melee} (curse)
HPRegen  0.24/turn              j - ring of Ashenzari's Soothsayer {Dex+6, Self, Fort} (curse)
MPRegen  0.12/turn              A - ring of willpower

@: studying Shields, drained
A: permanent stasis, dig shafts and tunnels, antennae 3, four strong arms
a: Dig, Shaft Self, Renounce Religion, Shatter the Chains


You were on level 10 of the Dungeon.
You worshipped Ashenzari.
Ashenzari was most pleased with you.
You visited 2 branches of the dungeon, and saw 11 of its levels.
You also visited: Sewer.

You collected 427 gold pieces.
You spent 105 gold pieces at shops.

Inventory:

Hand Weapons
 a - a +0 quarterstaff (weapon)
 B - the +3 giant club "Skullcrusher" {speed, Str+7}
   (You found it on level 4 of the Dungeon)

   Attacks with this weapon are significantly faster.
   It affects your strength (+7).
 L - the +1 whip "Yhaun" {vorpal, rF++ Str-4}
   (You found it on level 7 of the Dungeon)

   It inflicts extra damage upon your enemies.
   It affects your strength (-4).
   It greatly protects you from fire.
 R - a +2 executioner's axe of flaming
Missiles
 p - 3 atropa-tipped darts
 q - 10 poisoned darts
 z - 10 boomerangs (quivered)
 Q - a curare-tipped dart
Armour
 b - a +0 scale mail
 c - a +1 kite shield (worn)
 k - a +0 troll leather armour {Purgy}
 o - the cursed +2 cloak "Astrological Chagrin" (worn) {Bglg, Melee}
   (You found it on level 2 of the Dungeon)

   It has a curse which improves the following skills: Beguiling: Conjurations,
   Hexes and Translocations.
   Melee Combat: Short Blades, Long Blades, Axes, Maces & Flails, Polearms,
   Staves and Unarmed Combat.
 I - the cursed +0 plate armour of Ashenzari's Seer (worn) {Melee, Self}
   (You took it off an orc warrior on level 6 of the Dungeon)

   It has a curse which improves the following skills: Melee Combat: Short
   Blades, Long Blades, Axes, Maces & Flails, Polearms, Staves and Unarmed
   Combat.
   Introspection: Fighting and Spellcasting.
Jewellery
 j - the cursed ring of Ashenzari's Soothsayer (left hand) {Dex+6, Self, Fort}
   (You found it on level 1 of the Dungeon)

   [ring of dexterity]

   It affects your dexterity (+6).
   It has a curse which improves the following skills: Introspection: Fighting
   and Spellcasting.
   Fortitude: Armour and Shields.
 s - a ring of ice
 t - the cursed amulet "Share My Doubts" (around neck) {Spirit, Range, Melee}
   (You found it on level 3 of the Dungeon)

   [amulet of guardian spirit]

   It causes incoming damage to be divided between your reserves of health and
   magic.
   It has a curse which improves the following skills: Ranged Combat: Slings,
   Bows, Crossbows and Throwing.
   Melee Combat: Short Blades, Long Blades, Axes, Maces & Flails, Polearms,
   Staves and Unarmed Combat.
 A - a ring of willpower (right hand)
Wands
 H - a wand of digging (5)
 J - a wand of charming (3)
 M - a wand of iceblast (7)
 N - a wand of mindburst (40)
 O - a wand of flame (15)
 P - a wand of acid (12)
Scrolls
 f - 9 scrolls of identify
 h - 2 scrolls of immolation
 i - 2 scrolls of enchant armour
 l - a scroll of blinking
 u - a scroll of amnesia
 v - a scroll of fog
 x - 3 scrolls of teleportation
 y - a scroll of fear
 F - 2 scrolls of silence
Potions
 d - 2 potions of might
 e - 2 potions of lignification
 g - 3 potions of curing
 m - a potion of haste
 n - 3 potions of cancellation
 r - 2 potions of heal wounds
 w - 4 potions of flight
 C - 3 potions of ambrosia
 D - a potion of brilliance
 E - 2 potions of invisibility
 G - 2 potions of resistance


   Skills:
 + Level 8.1(11.0) Fighting
 * Level 9.9(13.5) Staves
 + Level 8.2(10.1) Armour
 + Level 6.0 Dodging
 * Level 12.7(14.3) Shields


You had 10 spell levels left.
You didn't know any spells.
Your spell library contained the following spells:

 Spells                   Type           Power      Damage    Failure   Level
 Animate Skeleton         Necr           0%         N/A       99%         1
 Foxfire                  Conj/Fire      0%         2x1d4     99%         1
 Pain                     Necr           0%         1d4       99%         1
 Conjure Flame            Conj/Fire      0%         6-21      100%        3
 Inner Flame              Hex/Fire       0%         N/A       100%        3
 Vampiric Draining        Necr           0%         2d6       100%        3
 Animate Dead             Necr           0%         N/A       100%        4
 Sticky Flame             Conj/Fire      0%         2d3       100%        4
 Agony                    Necr           0%         N/A       100%        5
 Fireball                 Conj/Fire      0%         3d3       100%        5


Dungeon Overview and Level Annotations

Branches:
Dungeon (10/15)            Temple (1/1) D:5            Lair (0/6) D:8
    Orc (0/2) D:10          Sewer (visited)

Altars:
Ashenzari
Cheibriados
Dithmenos
Fedhas
Hepliaklqana
Nemelex Xobeh
Okawaru
Ru
Sif Muna
Trog
Wu Jian
Xom
Yredelemnul
Zin
The Shining One

Shops:
D:1 !   D:3 ?   D:5 :   D:8 ?

Annotations:
D:7 2 transporters, 1 runed translucent door, Crazy Yiuf; pablusdiablus's ghost, novice HOFi
D:9 4 runed translucent doors
D:10 Nergalle


Innate Abilities, Weirdness & Mutations

You cannot be hasted, slowed, berserked, paralysed or teleported.
You can dig through walls and to a lower floor.
You have a pair of large antennae on your head. (SInv)
Your four strong arms can wield two-handed weapons with a shield.


Message History

You hit the spectral orc knight.
The spectral orc knight is lightly damaged.
The spectral orc warrior barely misses you.
You block the spectral orc knight's attack. x2
You block the spectral orc's attack.
The spectral orc warrior hits you with a +4 hand axe.
* * * LOW HITPOINT WARNING * * *
You block the orc's attack.
You hit the spectral orc knight.
The spectral orc knight is lightly damaged.
You block the spectral orc knight's attack.
You block the spectral orc warrior's attack.
The spectral orc knight hits you but does no damage.
You sock the spectral orc knight!
The spectral orc knight is moderately damaged.
You block the spectral orc's attack.
The spectral orc knight closely misses you.
The spectral orc warrior hits you but does no damage.
You block the orc's attack.
The spectral orc warrior barely misses you.
The spectral orc knight completely misses you.
Your cursed plate armour of Ashenzari's Seer prevents you from hitting the spectral orc knight.
The spectral orc knight is moderately damaged.
You block the spectral orc warrior's attack.
You block the spectral orc knight's attack.
You block the spectral orc's attack.
The spectral orc knight hits you but does no damage.
You completely miss the spectral orc knight.
The spectral orc knight is moderately damaged.
The spectral orc warrior hits you but does no damage.
You block the orc's attack.
You block the spectral orc knight's attack.
The spectral orc warrior barely misses you.
The spectral orc knight hits you with a +3 halberd.
* * * LOW HITPOINT WARNING * * *
You sock the spectral orc knight!
The spectral orc knight is heavily damaged.
You block the spectral orc's attack.
The spectral orc knight hits you with a +3 battleaxe of flaming.
You die...

##[..## ******##** #.....########
*,,,,,...#*#............#
*,***,....##.....######.# *
**,**,,.....#.....######.# *
,,,**,,........).........# *
*****,,.....#...ZZ#####.{# *
**,....*#.ZZZZ.## #..#######*
**...**###Z@##.###..o..$...,
*******##*****#ZZ###Z###.#######*
,,,,,,,,,.......#o#{## #(#
,,,,,,,**#########Z#####.#
******,,,,,..............#######*
*,,***######........$.....[, *,,*
#..####..#######* *,,* #..>* #.?#
* *,,* #.#####))###### *


You could see 4 spectral orcs, 2 spectral orc warriors, 4 spectral orc knights
and an orc.

Vanquished Creatures
  Pikel (D:7)
  A cyclops (D:9)
  A manticore (D:10)
  Joseph (D:7)
  Maurice (D:8)
  A troll (D:8)
  Grinder (D:5)
  A hornet (D:8)
  A wraith (D:9)
  6 yaks
  A wyvern (D:6)
  Grum (D:10)
  Edmund (D:5)
  A water moccasin (D:5)
  An acid dragon (D:9)
  A sky beast (D:6)
  5 orc warriors
  Purgy (Sewer)
  A black bear (D:6)
  An ice beast (D:5)
  A necrophage (D:6)
  6 centaurs
  2 ogres
  6 wolves
  A phantom (D:4)
  2 kobold brigands (D:9)
  A bullfrog (D:8)
  A gnoll sergeant (D:9)
  2 scorpions
  A wyvern zombie (D:6)
  4 killer bees (D:8)
  5 wights (D:7)
  A howler monkey (D:8)
  2 electric eels (D:8)
  2 centaur zombies
  5 orc priests
  3 gnoll shamans
  5 hounds
  A jelly (D:6)
  Jessica (D:2)
  4 iguanas
  5 orc wizards
  A hound skeleton (D:5)
  A howler monkey zombie (D:9)
  6 adders
  A river rat (D:4)
  11 gnolls
  A white imp (D:6)
  2 ufetubi (D:6)
  2 worms
  26 orcs
  2 endoplasms
  3 giant cockroaches
  7 hobgoblins
  8 jackals
  12 kobolds
  3 quokkas
  8 ball pythons
  6 bats
  9 frilled lizards
  2 goblins
  4 rats
205 creatures vanquished.

Vanquished Creatures (others)
  2 plants (D:10)
2 creatures vanquished.

Grand Total: 207 creatures vanquished

Notes
Turn   | Place    | Note
-------+----------+-------------------------------------------
     0 | D:1      | reriks the Formicid Fighter began the quest for the Orb.
     0 | D:1      | Reached XP level 1. HP: 18/18 MP: 1/1
   129 | D:1      | Found Ixoyjau's Distillery.
   288 | D:1      | Reached XP level 2. HP: 22/24 MP: 2/2
   468 | D:1      | Found a faded altar of an unknown god.
   600 | D:1      | Reached XP level 3. HP: 29/29 MP: 3/3
  1249 | D:2      | Noticed Jessica
  1253 | D:2      | Killed Jessica
  1254 | D:2      | Reached skill level 1 in Dodging
  1254 | D:2      | Reached skill level 4 in Shields
  1254 | D:2      | Reached XP level 4. HP: 37/37 MP: 4/4
  1797 | D:3      | Found Vorruido's Magic Scroll Emporium.
  1864 | D:2      | Reached XP level 5. HP: 15/42 MP: 5/5
  2296 | D:4      | Noticed a centaur
  2389 | D:4      | Found a glowing drain.
  2409 | Sewer    | Entered a sewer
  2834 | Sewer    | Noticed Purgy
  2837 | Sewer    | Killed Purgy
  2838 | Sewer    | Reached XP level 6. HP: 48/48 MP: 6/6
  2981 | D:4      | Noticed an ogre
  2984 | D:4      | Killed an ogre
  3050 | D:4      | Found the +3 giant club "Skullcrusher" {speed, Str+7}
  3167 | D:4      | Reached XP level 7. HP: 43/55 MP: 7/7
  3493 | D:4      | Reached skill level 5 in Shields
  3871 | D:5      | Entered Level 5 of the Dungeon
  3891 | D:5      | Noticed Grinder
  3901 | D:5      | Killed Grinder
  3902 | D:5      | Reached skill level 5 in Staves
  4010 | D:5      | Noticed Edmund
  4013 | D:5      | Reached XP level 8. HP: 58/61 MP: 8/8
  4037 | D:5      | Killed Edmund
  4038 | D:5      | Reached skill level 5 in Fighting
  4038 | D:5      | Reached skill level 5 in Armour
  4188 | D:5      | Found a staircase to the Ecumenical Temple.
  4222 | Temple   | Entered the Ecumenical Temple
  4324 | Temple   | Became a worshipper of Ashenzari the Shackled
  4521 | D:5      | Found Leshuf's Book Shoppe.
  4578 | D:5      | Reached skill level 6 in Shields
  4885 | D:5      | Found an iron altar of Okawaru.
  5067 | D:5      | Reached XP level 9. HP: 51/69 MP: 9/9
  5293 | D:6      | Identified a scroll of acquirement
  5593 | D:6      | Acquired a manual of Shields
  5650 | D:6      | Reached skill level 7 in Shields
  6403 | D:6      | Reached skill level 8 in Shields
  6571 | D:6      | Reached XP level 10. HP: 77/77 MP: 10/10
  7055 | D:7      | Found a transporter.
  7058 | D:7      | Noticed pablusdiablus's ghost (novice HOFi)
  7110 | D:7      | Found a transporter.
  7164 | D:7      | Found a runed translucent door.
  7165 | D:7      | Noticed Crazy Yiuf
  7401 | D:7      | Reached skill level 9 in Shields
  7746 | D:7      | Identified the +1 whip "Yhaun" {vorpal, rF++ Str-4}
  7811 | D:7      | Reached * piety under Ashenzari
  7835 | D:7      | Noticed Pikel
  7863 | D:7      | Killed Pikel
  7864 | D:7      | Reached skill level 5 in Dodging
  7864 | D:7      | Reached skill level 10 in Shields
  8175 | D:7      | Noticed an eight-headed hydra
  8331 | D:7      | Noticed Joseph
  8351 | D:7      | Killed Joseph
  8574 | D:8      | Found a hazy altar of Hepliaklqana.
  8825 | D:8      | Noticed Maurice
  8856 | D:8      | Killed Maurice
  8906 | D:8      | Reached skill level 11 in Shields
  8965 | D:8      | Found Ostred's Magic Scroll Shoppe.
  8974 | D:8      | Bought a scroll of enchant armour for 105 gold pieces
  9030 | D:8      | Reached XP level 11. HP: 87/87 MP: 11/11
  9047 | D:8      | Found a staircase to the Lair.
  9757 | D:9      | Reached ** piety under Ashenzari
  9956 | D:9      | Reached *** piety under Ashenzari
 10023 | D:9      | Found a large runed translucent door.
 10024 | D:9      | Found a large runed translucent door.
 10029 | D:9      | Found a large runed translucent door.
 10029 | D:9      | Found a large runed translucent door.
 10030 | D:9      | Noticed a cyclops
 10030 | D:9      | Noticed a two-headed ogre
 10158 | D:10     | Entered Level 10 of the Dungeon
 10175 | D:9      | Noticed a cyclops
 10181 | D:9      | Killed a cyclops
 10182 | D:9      | Reached skill level 12 in Shields
 10450 | D:10     | Noticed a centaur warrior
 10662 | D:10     | Noticed a manticore
 10689 | D:10     | Killed a manticore
 10707 | D:10     | Noticed Grum
 10715 | D:10     | Noticed Nergalle
 11060 | D:10     | Killed Grum
 11116 | D:10     | Found a staircase to the Orcish Mines.
 11127 | D:10     | HP: 3/88 [spectral orc knight/+3 halberd[Nergalle] (2)]
 11128 | D:10     | Slain by a spectral orc knight

Illustrated notes

Levels and vault maps discovered:
D:1:      dpeg_arrival_three_bigger_balls, layout_basic, serial_shops, shop,
          hellmonk_ecumenical_altar_leap_of_faith
D:2:      layout_rooms, uniq_jessica
D:3:      layout_rooms, serial_shops, shop, chequers_serial_rivers_micro_b
D:4:      layout_basic, cheibrodos_sewer_entry_sluice, roderic_cross_of_infinity
D:5:      layout_basic, lemuel_round_altar, minmay_temple_entry_large_hall,
          serial_shops, shop, uniq_edmund, uniq_grinder
D:6:      layout_loops_ring
D:7:      minmay_cornered_nines, layout_gridville, gammafunk_ghost_stat_death,
          uniq_crazy_yiuf_cottage, uniq_joseph, uniq_pikel, uniq_maggie
D:8:      layout_rooms, marbit_many_paths, erik_lair_island, serial_shops,
          shop_scrolls, uniq_maurice
D:9:      layout_cave_pods, old_standard_altar, minmay_hollow_rounded_squares
D:10:     layout_loops_ring, overflow_temple_1_default, grunt_qazlal_clouds,
          orc_0_dummy, enter_bailey_4, serial_bayou_ford_a,
          minmay_misc_feat_hallway, uniq_grum, uniq_nergalle, uniq_sonja
Temple:   minmay_crystal_spiral_temple

Skill      XL: |  1  2  3  4  5  6  7  8  9 10 11 |
---------------+----------------------------------+-----
Dodging        | 1 2 3 4 5 6 |  6.0
Shields        | 4 5 6 8 11 12 | 12.7
Staves         | 3 4 5 6 7 9 |  9.9
Fighting       | 4 5 6 7 8 |  8.1
Armour         | 4 5 6 7 8 |  8.2

Action                   |  1- 3 |  4- 6 |  7- 9 | 10-12 || total
-------------------------+-------+-------+-------+-------++-------
Melee: Quarterstaff      |    89 |   120 |   269 |   503 ||   981
Invok: Curse Item        |       |       |       |     4 ||     4
 Abil: Dig               |       |       |       |     1 ||     1
Evoke: Wand              |       |     5 |     5 |    14 ||    24
  Use: Scroll            |       |     3 |     1 |     3 ||     7
       Potion            |       |       |       |     1 ||     1
Armor: Scale mail        |    39 |    38 |    56 |     4 ||   137
       Plate armour      |       |       |       |   235 ||   235
Dodge: Dodged            |    26 |    49 |    86 |   186 ||   347
Block: Kite shield       |    52 |    73 |   129 |   447 ||   701

Table legend: (Time is in decaauts)
 A = Elapsed time spent in this place.
 B = Non-inter-level travel time spent in this place.
 C = Inter-level travel time spent in this place.
 D = Time resting spent in this place.
 E = Time spent auto-exploring this place.
 F = Levels seen in this place.
 G = Mean time per level.
                   A        B        C        D        E       F      G
               +--------+--------+--------+--------+--------+-----+--------+
         Total |  11151 |  10789 |    362 |   4098 |   4602 |  12 |  929.2 |
       Dungeon |  10403 |  10099 |    304 |   3769 |   4385 |  10 | 1040.3 |
        Temple |    161 |    103 |     58 |      0 |     95 |   1 |  161.0 |
         Sewer |    585 |    585 |      0 |    329 |    122 |   1 |  585.0 |
               +--------+--------+--------+--------+--------+-----+--------+

Top non-repeatable levels by time:
     D:6: 1837 daAuts
     D:7: 1566 daAuts
     D:9: 1338 daAuts
     D:5: 1113 daAuts
     D:4: 1068 daAuts
     D:8: 995 daAuts
     D:1: 946 daAuts
     D:2: 727 daAuts
     D:3: 661 daAuts
   Sewer: 585 daAuts
  Temple: 161 daAuts
    D:10: 148 daAuts
